 Dungeon Crawl Stone Soup version 0.30.1-3-gfc49f6343a (webtiles) character file.

Game seed: 12227623935080151452

3231 Eryximachus the Covert (level 9, -5/47 HPs)
             Began as a Vine Stalker Brigand on Aug 7, 2023.
             Was an Initiate of Gozag.
             Slain by an orc knight
             ... wielding a +0 trident
              (14 damage)
             ... in a bailey.
             The game lasted 00:47:58 (8394 turns).

Eryximachus the Covert (Vine Stalker Brigand)       Turns: 8394, Time: 00:47:59

Health: -5/47      AC:  5    Str: 14    XL:     9   Next: 98%
Magic:  0/14       EV: 13    Int: 13    God:    Gozag
Gold:   393        SH:  0    Dex: 18    Spells: 11/14 levels left

rFire   . . .        a - +2 dagger (drain)
rCold   . . .        (no shield)
rNeg    . . .        g - +0 leather armour
rPois   .            (no helmet)
rElec   .            c - +1 cloak
rCorr   .            (no gloves)
SInv    .            (no boots)
Will    ++...        (no amulet)
Stlth   ++++         W - ring of willpower
HPRegen 1.07/turn    (no ring)
MPRegen 0.14/turn

%: guardian spirit
@: studying Axes
A: fangs 3, regeneration 1, magic shield, antimagic bite, no potion heal 2
a: Renounce Religion, Potion Petition, Call Merchant, Bribe Branch


You were in a bailey.
You worshipped Gozag.
Gozag was aware of your devotion.
You visited 2 branches of the dungeon, and saw 9 of its levels.
You also visited: Bailey.

You collected 479 gold pieces.
You paid 86 gold pieces to Gozag.


Innate Abilities, Weirdness & Mutations

You have razor-sharp teeth.
Your natural rate of healing is unusually fast.
When hurt, damage is shared between your health and your magic reserves.
Your bite disrupts and absorbs the magic of your enemies.
Potions cannot restore your health.


   Skills:
 + Level 5.4 Fighting
 + Level 6.3 Short Blades
 - Level 3.0 Throwing
 - Level 2.0 Armour
 - Level 4.0 Dodging
 - Level 8.0 Stealth
 - Level 3.0 Spellcasting
 - Level 4.0 Conjurations
 + Level 2.8 Air Magic
 + Level 2.8 Poison Magic


You had 11 spell levels left.
You knew the following spells:

 Your Spells              Type           Power      Damage    Failure   Level
m - Mephitic Cloud        Conj/Pois/Air  10%        N/A       22%         3

Your spell library contained the following spells:

 Spells                   Type           Power      Damage    Failure   Level
 Poisonous Vapours        Pois/Air       18%        N/A       13%         2
 Summon Small Mammal      Summ           4%         N/A       28%         1
 Call Canine Familiar     Summ           1%         N/A       63%         3
 Portal Projectile        Hex/Tloc       2%         N/A       63%         3
 Summon Guardian Golem    Hex/Summ       1%         N/A       63%         3
 Leda's Liquefaction      Hex/Erth       0%         N/A       95%         4
 Freezing Cloud           Conj/Ice/Air   3%         6-21      97%         5

Inventory:

Hand Weapons
 a - a +2 dagger of draining (weapon)
 C - a +1 falchion of holy wrath
 D - a +0 hand axe
Missiles
 d - 2 poisoned darts (quivered)
Armour
 b - a +0 robe
 c - a +1 cloak (worn)
 g - a +0 leather armour (worn)
Jewellery
 W - a ring of willpower (left hand)
Wands
 s - a wand of polymorph (6)
Scrolls
 h - 2 scrolls of fog
 i - 2 scrolls of immolation
 k - 3 scrolls of brand weapon
 v - a scroll of poison {unknown}
 w - a scroll of torment {unknown}
 y - 2 scrolls of magic mapping {unknown}
 z - 4 scrolls of identify {@r1}
 B - 2 scrolls of enchant armour
 E - a scroll of silence {unknown}
Potions
 f - a potion of lignification
 j - 2 potions of might
 l - 3 potions of mutation
 m - a potion of attraction {unknown}
 n - 2 potions of haste {@q3}
 p - a potion of heal wounds {@q2}
 r - a potion of resistance {unknown}
 t - 2 potions of curing {@q1}
 u - a potion of flight {unknown}
 x - a potion of magic

Dungeon Overview and Level Annotations

Branches:
Dungeon (8/15)             Temple (1/1) D:5          Bailey (1/1)
   Lair: D:8-11

Altars:
Ashenzari
Cheibriados
Dithmenos
Elyvilon
Fedhas
Gozag
Hepliaklqana
Kikubaaqudgha
Makhleb
Nemelex Xobeh
Qazlal
Sif Muna
Trog
Uskayaw
Vehumet
Wu Jian
Xom
The Shining One

Shops:
D:2 =   D:5 [   D:8 *:

Annotations:
D:5 Sigmund
D:6 exclusion: downstairs
D:7 3 runed translucent doors, exclusion: 3 wights, turdburglar's ghost, novice TrFi; zzuzz's ghost, novice GnWn
D:8 Erica; Gastronok; Pikel Bailey 2 runed translucent doors

#≈≈≈....▒...$▒......♣♣
#≈≈≈≈≈≈≈▒...$▒≈≈≈≈...♣
#≈≈≈≈≈≈≈▒..$.▒≈≈≈≈≈≈.♣
#≈≈≈≈≈≈≈▒....▒≈≈≈≈≈≈≈♣
#♣♣≈≈≈≈≈▒.$..▒≈≈≈≈≈≈≈≈
♣♣♣♣...▒....▒...≈≈≈≈≈
#♣....♣....$.......≈≈≈
#............$......≈≈
#..▒▒▒▒....@(..▒▒▒▒..≈
##.▒..▒▒▒▒((▒▒▒▒..▒
##▒.....o.o......▒
▒▒...8..(.8...▒▒
▒..▒▒▒▒▒▒▒▒..▒ ▒..▒ $
▒..▒ ▒..▒ $▒..▒ ▒..▒
▒..▒..▒ ▒..▒. ▒..▒..▒


You could see an orc knight (drained) and an orc (strong).


Message History

The orc knight barely misses you.
Throw: dart (atropa)
Press: ? - help, Q - select action, (/) - cycle Shift-Dir - straight line, f/p - orc knight
Aim: an orc knight, wielding a +0 trident and wearing a +0 scale mail (heavily wounded, lightly drained, 58% to hit, chance to blind on hit: 47%)
You throw an atropa-tipped dart.
The atropa-tipped dart closely misses the orc knight.
The orc knight roars a battlecry!
The orc goes into a battle-frenzy!
You hit the orc knight. You drain the orc knight.
You bite the orc knight, but do no damage.
The orc knight is heavily wounded.
The orc knight hits you with a +0 trident.
You hit the orc knight but do no damage.
You drain the orc knight.
The orc knight is heavily wounded.
You hit the orc knight.
The orc knight is heavily wounded.
The orc barely misses you.
The orc knight hits you with a +0 trident!!
* * * LOW HITPOINT WARNING * * *
You miss the orc knight.
The orc knight is heavily wounded.
The orc hits you from afar with a +0 trident.
* * * LOW HITPOINT WARNING * * *
The orc knight hits you with a +0 trident.
* * * LOW HITPOINT WARNING * * *
The orc barely misses you.
The orc knight hits you from afar with a +0 trident!
You die...
Your body crumbles into a pile of gold.

Skill      XL: |  1  2  3  4  5  6  7  8  9 |
---------------+----------------------------+-----
Dodging        | 1 2 3 4 |  4.0
Stealth        | 5 6 7 8 |  8.0
Fighting       | 2 3 5 |  5.4
Short Blades   | 2 3 4 5 6 |  6.3
Throwing       | 2 3 |  3.0
Armour         | 1 2 |  2.0
Poison Magic   | 1 2 |  2.8
Spellcasting   | 1 3 |  3.0
Conjurations   | 1 4 |  4.0
Air Magic      | 1 2 |  2.8

Action                     |  1- 3 |  4- 6 |  7- 9 || total
---------------------------+-------+-------+-------++-------
  Melee: Dagger            |   102 |   122 |   276 ||   500
         Bite              |    28 |    35 |    92 ||   155
         Punch             |     1 |     2 |     2 ||     5
  Throw: Dart              |     8 |    43 |    62 ||   113
   Cast: Mephitic Cloud    |       |       |     3 ||     3
  Evoke: Wand              |       |       |     3 ||     3
    Use: Scroll            |     1 |     9 |     4 ||    14
   Stab: Sleeping          |    10 |     8 |     7 ||    25
         Confused          |       |       |     2 ||     2
         Invisible         |       |       |     2 ||     2
 Armour: Robe              |     5 |       |       ||     5
         Leather armour    |    26 |    26 |    53 ||   105
  Dodge: Dodged            |    45 |    56 |   164 ||   265

Levels and vault maps discovered:
D:1:      psy_arrival_radial02, layout_basic, serial_bayou_ford_a
D:2:      layout_basic, serial_shops, shop, dk_noncrumbling_2
D:3:      layout_loops_ring
D:4:      layout_rooms, mainiacjoe_overflow_catwalk, general_overflow_altar,
          demons_altar, minmay_manual_monstrance
D:5:      layout_loops_corners, fedhas_altar_3, temple_hall, serial_shops, shop,
          uniq_sigmund
D:6:      layout_rooms, nicolae_uskayaw_en_pointe,
          nicolae_dithmenos_shadow_blocks, serial_rivers,
          chequers_serial_rivers_micro_d, chequers_serial_rivers_marsh,
          chequers_serial_rivers_small_b, chequers_serial_rivers_room_b,
          chequers_serial_rivers_room_a
D:7:      layout_gridville, lemuel_tele_altar, gammafunk_ghost_cemetery
D:8:      layout_loops_cross, nicolae_qazlal_beasts_of_the_sky,
          nicolae_vehumet_altar_sigil, serial_shops, shop, enter_bailey_4,
          kennysheep_nub, nicolae_ea-nasir_strikes_again, uniq_erica,
          uniq_pikel, uniq_gastronok, uniq_maurice
Temple:   chequers_temple_sunken
Bailey:   bailey_polearm_elven_captive_hellmonk, bailey

Notes
Turn   | Place    | Note
-------+----------+-------------------------------------------
     0 | D:1      | Eryximachus the Vine Stalker Brigand began the quest for
                  | the Orb.
     0 | D:1      | Reached XP level 1. HP: 11/11 MP: 2/2
   422 | D:1      | Reached skill level 1 in Dodging
   422 | D:1      | Reached XP level 2. HP: 15/15 MP: 1/3
   474 | D:2      | Reached skill level 5 in Stealth
   536 | D:1      | Reached skill level 2 in Fighting
   536 | D:1      | Reached skill level 2 in Short Blades
   540 | D:1      | Reached skill level 2 in Throwing
   978 | D:1      | Reached XP level 3. HP: 18/18 MP: 4/4
  1588 | D:2      | Found Wiggimmi's Jewellery Shop.
  2347 | D:2      | Gained mutation: Your natural rate of healing is unusually
                  | fast. [Vine Stalker growth]
  2347 | D:2      | Reached XP level 4. HP: 22/23 MP: 5/5
  2782 | D:3      | Noticed a scorpion
  2793 | D:3      | Killed a scorpion
  2794 | D:3      | Reached skill level 2 in Dodging
  2794 | D:3      | Reached XP level 5. HP: 14/28 MP: 4/6
  2824 | D:3      | Reached skill level 3 in Fighting
  3044 | D:3      | Reached skill level 3 in Short Blades
  3044 | D:3      | Reached skill level 6 in Stealth
  3333 | D:4      | Found an ancient bone altar of Kikubaaqudgha.
  3514 | D:4      | Found a burning altar of Makhleb.
  3562 | D:4      | Found a bloodstained altar of Trog.
  3635 | D:4      | Noticed an orc warrior
  3917 | D:5      | Entered Level 5 of the Dungeon
  3917 | D:5      | Noticed an ogre
  4013 | D:3      | Reached XP level 6. HP: 26/32 MP: 7/7
  4294 | D:2      | Reached skill level 4 in Short Blades
  4602 | D:5      | Found a blossoming altar of Fedhas.
  4673 | D:5      | Found a staircase to the Ecumenical Temple.
  4684 | Temple   | Entered the Ecumenical Temple
  4702 | Temple   | Became a worshipper of Gozag Ym Sagoz the Greedy
  4915 | D:5      | Reached skill level 1 in Armour
  5073 | D:5      | Reached XP level 7. HP: 37/37 MP: 8/8
  5164 | D:5      | Found Biromyig's Antique Armour Emporium.
  5335 | D:5      | Noticed Sigmund
  5352 | D:5      | Reached skill level 4 in Fighting
  5759 | D:6      | Reached skill level 2 in Armour
  5759 | D:6      | Reached skill level 3 in Dodging
  5811 | D:6      | Reached skill level 5 in Fighting
  5811 | D:6      | Gained mutation: You have razor-sharp teeth. [Vine Stalker
                  | growth]
  5811 | D:6      | Reached XP level 8. HP: 40/43 MP: 9/9
  5854 | D:6      | Noticed a +0 falchion
  5854 | D:6      | Noticed a +0 dagger
  5854 | D:6      | Noticed a +0 spear
  5855 | D:6      | Noticed a +0 dagger
  5855 | D:6      | Noticed a +0 spear
  5855 | D:6      | Noticed a +0 short sword
  5856 | D:6      | Noticed a +0 short sword
  5856 | D:6      | Noticed a +0 falchion
  5860 | D:6      | Found a hide-covered altar of Uskayaw.
  5942 | D:6      | Reached skill level 4 in Dodging
  5962 | D:6      | Found a shadowy altar of Dithmenos.
  7093 | D:7      | Reached skill level 3 in Throwing
  7112 | D:7      | Reached skill level 7 in Stealth
  7122 | D:7      | Reached skill level 5 in Short Blades
  7188 | D:7      | Learned a level 3 spell: Mephitic Cloud
  7209 | D:7      | Found a sparkling altar of Nemelex Xobeh.
  7258 | D:7      | Found a runed translucent gate.
  7258 | D:7      | Found a runed translucent gate.
  7258 | D:7      | Found a runed translucent gate.
  7259 | D:7      | Noticed turdburglar's ghost (novice TrFi)
  7259 | D:7      | Noticed zzuzz's ghost (novice GnWn)
  7345 | D:7      | Reached skill level 1 in Poison Magic
  7365 | D:8      | Found Suit's Book Shoppe.
  7385 | D:8      | Found Ea-nāṣir's Fine Metal Goods.
  7430 | D:8      | Found a radiant altar of Vehumet.
  7447 | D:8      | Found a stormy altar of Qazlal.
  7448 | D:8      | Noticed a yak
  7448 | D:8      | Noticed a yak
  7448 | D:8      | Noticed a yak
  7460 | D:8      | Noticed a yak
  7473 | D:8      | Killed a yak
  7474 | D:8      | Reached skill level 1 in Spellcasting
  7474 | D:8      | Reached skill level 1 in Conjurations
  7474 | D:8      | Reached skill level 1 in Air Magic
  7474 | D:8      | Reached XP level 9. HP: 43/47 MP: 10/12
  7537 | D:8      | Noticed Erica
  7568 | D:8      | Reached skill level 2 in Spellcasting
  7568 | D:8      | Reached skill level 2 in Conjurations
  7568 | D:8      | Reached skill level 2 in Poison Magic
  7571 | D:8      | Reached skill level 2 in Air Magic
  7577 | D:8      | Reached skill level 8 in Stealth
  7597 | D:8      | Reached skill level 6 in Short Blades
  7703 | D:8      | Noticed Gastronok
  7762 | D:8      | Reached skill level 3 in Spellcasting
  7762 | D:8      | Reached skill level 3 in Conjurations
  7817 | D:8      | Identified a +2 robe of the Archmagi
  7817 | D:8      | Noticed Pikel
  7819 | D:8      | Found a flagged portal.
  7827 | Bailey   | Entered a bailey
  8131 | Bailey   | Identified a +0 crystal plate armour
  8134 | Bailey   | Reached skill level 4 in Conjurations
  8305 | Bailey   | Found a large runed translucent door.
  8305 | Bailey   | Found a large runed translucent door.
  8318 | Bailey   | Noticed a deep elf zephyrmancer
  8318 | Bailey   | Identified a +0 crystal plate armour
  8373 | Bailey   | Noticed an orc knight
  8394 | Bailey   | Slain by an orc knight

Vanquished Creatures
  4 yaks (D:8)
  4 water moccasins
  6 orc warriors (Bailey)
  3 sky beasts
  2 ogres
  A phantom (D:6)
  A kobold brigand (D:8)
  2 bullfrogs (D:8)
  4 scorpions
  3 killer bees (D:7)
  2 howler monkeys (D:7)
  A hound (D:3)
  A gnoll bouda (D:5)
  A jelly (D:7)
  3 iguanas
  A sleepcap (D:6)
  An orc wizard (D:7)
  7 gnolls
  10 adders
  A shadow imp (D:5)
  A white imp (D:6)
  2 worms
  3 dart slugs
  24 orcs
  8 ball pythons
  7 bats
  7 endoplasms
  4 giant cockroaches
  4 goblins
  5 hobgoblins
  4 jackals
  17 kobolds
  5 quokkas
  3 frilled lizards
  6 rats
158 creatures vanquished.

Table legend: (Time is in decaauts)
 A = Elapsed time spent in this place.
 B = Non-inter-level travel time spent in this place.
 C = Inter-level travel time spent in this place.
 D = Time resting spent in this place.
 E = Time spent auto-exploring this place.
 F = Levels seen in this place.
 G = Mean time per level.
                   A        B        C        D        E       F      G
               +--------+--------+--------+--------+--------+-----+--------+
         Total |   8315 |   7461 |    854 |   1223 |   1329 |  10 |  831.5 |
       Dungeon |   7724 |   6870 |    854 |    887 |   1329 |   8 |  965.5 |
        Temple |     37 |     37 |      0 |      0 |      0 |   1 |   37.0 |
        Bailey |    553 |    553 |      0 |    335 |      0 |   1 |  553.0 |
               +--------+--------+--------+--------+--------+-----+--------+

Top non-repeatable levels by time:
     D:1: 1496 daAuts
     D:6: 1196 daAuts
     D:2: 1163 daAuts
     D:5: 1104 daAuts
     D:3: 1078 daAuts
     D:4: 834 daAuts
  Bailey: 553 daAuts
     D:7: 427 daAuts
     D:8: 423 daAuts
  Temple: 37 daAuts

Table legend:
 A = Non-vault XP
 B = Vault XP
 C = Vault XP percentage of total XP
 D = Non-vault monster count
 E = Vault monster count
 F = Vault count percentage of total count
                 A         B        C        D         E       F
            +---------+---------+-------+---------+---------+-------
      Total |    3663 |     954 |  20.7 |     144 |      14 |   8.9
            +---------+---------+-------+---------+---------+-------
        D:1 |      47 |       0 |   0.0 |      26 |       0 |   0.0
        D:2 |      79 |       0 |   0.0 |      17 |       0 |   0.0
        D:3 |     230 |       0 |   0.0 |      28 |       0 |   0.0
        D:4 |      27 |      14 |  34.1 |      12 |       2 |  14.3
        D:5 |     617 |       0 |   0.0 |      13 |       0 |   0.0
        D:6 |     558 |       0 |   0.0 |      15 |       0 |   0.0
        D:7 |     678 |       0 |   0.0 |      13 |       0 |   0.0
        D:8 |    1427 |     131 |   8.4 |      20 |       2 |   9.1
     Bailey |       0 |     809 | 100.0 |       0 |      10 | 100.0
            +---------+---------+-------+---------+---------+-------
